[Event "4NCL 2021-22"]
[Site "England"]
[Date "2022.03.27"]
[Round "6.23"]
[White "Horton, Jamie A"]
[Black "Connell, Blair N"]
[Result "0-1"]
[ECO "A90"]
[WhiteElo "2275"]
[BlackElo "2230"]
[Annotator "NA"]
[PlyCount "65"]
[EventDate "2021.11.27"]
[EventType "team-tourn"]
[EventCountry "ENG"]
[SourceTitle "playchess.com"]
[Source "ChessBase"]
[SourceQuality "1"]
[TimeControl "40/6000+30:3000+30"]

1. d4 e6 2. c4 f5 3. g3 Nf6 4. Bg2 d5 5. Nf3 c6 6. O-O Bd6 7. b3 Qe7 8. a4 a5 9. Ba3 O-O 10. Ne5 Nbd7 11. Nd3 b6 12. Bxd6 Qxd6 13. Nd2 Bb7 14. Rc1 Ne4 15. Nf3 Rac8 $11 16. Nfe5 Nxe5 17. Nxe5 Rfd8 18. e3 c5 19. Qh5 g6 20. Qe2 cxd4 21. exd4 dxc4 22. Nxc4 Qxd4 23. Bxe4 Bxe4 24. Rfd1 Qc5 25. Rxd8+ Rxd8 26. Rd1 Rxd1+ 27. Qxd1 Qd5 28. Qc1 Qc5 29. Qd1 Bc6 30. Qd8+ Kg7 31. Qxb6 Qd5 32. Qc7+ Kh6 33. Qf4+ 0-1

[Event "4NCL 2021-22"]
[Site "England"]
[Date "2022.03.27"]
[Round "6.24"]
[White "Boswell, Jacob Connor"]
[Black "Grigoryan, Meri"]
[Result "1/2-1/2"]
[ECO "D94"]
[WhiteElo "2053"]
[BlackElo "1989"]
[Annotator "NA"]
[PlyCount "145"]
[EventDate "2021.11.27"]
[EventType "team-tourn"]
[EventCountry "ENG"]
[SourceTitle "playchess.com"]
[Source "ChessBase"]
[SourceQuality "1"]
[TimeControl "40/6000+30:3000+30"]

1. Nf3 Nf6 2. c4 c6 3. e3 d5 4. Nc3 e6 5. b3 g6 6. Be2 Bg7 7. d4 O-O 8. O-O Re8 9. Ne5 Ne4 10. Nxe4 dxe4 11. f4 c5 12. Bb2 f6 13. Ng4 h5 14. Nf2 f5 15. Qd2 cxd4 16. exd4 e5 17. fxe5 Rxe5 18. Qc2 Re8 19. Rad1 Nc6 20. d5 Bxb2 21. Qxb2 Ne5 22. Nh3 Qb6+ 23. Kh1 Bd7 24. Nf4 Kh7 25. Qc3 Rac8 26. b4 Nxc4 27. Bxc4 Bb5 28. Bxb5 Rxc3 29. Bxe8 g5 30. Ne6 Rd3 31. Rxd3 exd3 32. Ba4 Qxb4 33. Bb3 Kg6 34. Rd1 Kf6 35. Kg1 a5 36. Rf1 a4 37. Bd1 Qb6+ 38. Kh1 Qb2 39. Nc5 Qd4 40. Nxa4 b5 41. Nb6 Qxb6 42. Bxh5 Ke5 43. Bd1 Qe3 44. h3 Kxd5 45. Rxf5+ Ke4 46. Rf1 d2 47. Kh2 Qe1 48. Bc2+ Kd4 49. Rf5 Qc1 50. Bb3 Qc7+ 51. Kg1 Qe7 52. Rxb5 Qe3+ 53. Kh2 Qf4+ 54. Kg1 Ke3 55. Rd5 Ke2 56. Rd7 Qf2+ 57. Kh2 Qf4+ 58. Kg1 Qe3+ 59. Kh1 Ke1 60. Kh2 Qe8 61. Rd5 Qe7 62. Kh1 Qe3 63. Rd7 Qe8 64. Rd5 g4 65. hxg4 Qh8+ 66. Kg1 Qe8 67. Kh1 Qe3 68. Kh2 Qf4+ 69. Kh3 Qe3+ 70. Kh2 Qf4+ 71. Kh3 Qe3+ 72. Kh4 Kf2 73. Kh5 1/2-1/2

[Event "4NCL 2021-22"]
[Site "England"]
[Date "2022.03.27"]
[Round "6.27"]
[White "Batchelor, Peter J"]
[Black "Adair, James R"]
[Result "1/2-1/2"]
[ECO "D12"]
[WhiteElo "2366"]
[BlackElo "2444"]
[Annotator "NA"]
[PlyCount "88"]
[EventDate "2021.11.27"]
[EventType "team-tourn"]
[EventCountry "ENG"]
[SourceTitle "playchess.com"]
[Source "ChessBase"]
[SourceQuality "1"]
[TimeControl "40/6000+30:3000+30"]

1. d4 d5 2. c4 c6 3. Nf3 Nf6 4. e3 Bf5 5. Nc3 e6 6. Qb3 Qc7 7. Nh4 Be4 8. f3 Bg6 9. Nxg6 hxg6 10. Bd2 {[%emt 0:04:18] The main line 10.Bd2 scores better than 10.g3.} a6 11. g3 Bd6 (11... dxc4 $1 $11 12. Qxc4 (12. Bxc4 c5 $11) 12... c5) 12. f4 Nbd7 13. Bg2 Rc8 {[%emt 0:09:41] [#]} (13... Bf8 $11) 14. e4 $146 ({Predecessor:} 14. c5 Be7 15. Qc2 Nh5 16. g4 Bh4+ 17. Ke2 Nhf6 18. Bf3 g5 19. Rag1 b6 20. b4 {1-0 (50) Perunovic,M (2419)-Ganaus,H (2245) Senta 2008}) 14... dxe4 15. Nxe4 Nxe4 16. Bxe4 O-O 17. O-O Be7 18. Rad1 Rfd8 19. Be3 b5 $11 20. Bf2 Nb6 21. cxb5 cxb5 22. h4 Bf6 23. Qf3 Rd7 24. h5 gxh5 25. f5 e5 26. dxe5 Bxe5 27. Kg2 Rxd1 28. Rxd1 Nd7 29. Qxh5 Nf6 30. Qh4 Nxe4 31. Rh1 g5 32. Qxe4 Bxb2 33. Be3 Qc2+ 34. Qxc2 Rxc2+ 35. Kf3 Bf6 36. Kg4 Rxa2 37. Bxg5 Ra4+ 38. Kh5 Bxg5 39. Kxg5 b4 40. Rh4 a5 41. Kf6 Ra3 42. Rg4+ Kf8 43. Rg7 Ke8 44. Rxf7 Rxg3 1/2-1/2

[Event "4NCL 2021-22"]
[Site "England"]
[Date "2022.03.27"]
[Round "6.28"]
[White "Han, Yichen"]
[Black "Roberson, Peter T"]
[Result "0-1"]
[ECO "B56"]
[WhiteElo "2347"]
[BlackElo "2425"]
[Annotator "NA"]
[PlyCount "84"]
[EventDate "2021.11.27"]
[EventType "team-tourn"]
[EventCountry "ENG"]
[SourceTitle "playchess.com"]
[Source "ChessBase"]
[SourceQuality "1"]
[TimeControl "40/6000+30:3000+30"]

1. e4 c5 2. Nf3 d6 3. d4 cxd4 4. Nxd4 Nf6 5. Nc3 Nc6 6. Be3 Ng4 7. Bb5 Nxe3 8. Nxc6 Nxd1 9. Ne5+ Bd7 10. Nxd7 e6 11. Ne5+ Ke7 12. Rxd1 Qc7 13. Nf3 a6 14. Be2 g6 15. O-O Bg7 16. Rd3 b5 17. a3 Rac8 18. Rfd1 Rhd8 19. Ne1 Qb7 20. Re3 Bxc3 21. bxc3 Qb6 22. Nf3 Qa5 23. Nd4 Rxc3 24. Nb3 Qc7 25. Bd3 Qb6 26. Ra1 Rdc8 27. g4 h5 28. g5 $19 R8c4 29. Bxc4 Rxe3 30. Bd3 Rf3 31. Rf1 Rf4 32. h3 Kf8 33. Kg2 Qd8 34. h4 Rxh4 35. f4 e5 36. Nd2 Rxf4 37. Nf3 Qc8 38. Kf2 d5 39. Ke3 Qc5+ 40. Kd2 dxe4 41. Nxe5 Qxe5 42. Be2 Qd4+ 0-1

[Event "4NCL 2021-22"]
[Site "England"]
[Date "2022.03.27"]
[Round "6.29"]
[White "Makkar, Rajat"]
[Black "Wells, Peter K"]
[Result "1-0"]
[ECO "A37"]
[WhiteElo "2252"]
[BlackElo "2379"]
[Annotator "ChessBase"]
[PlyCount "55"]
[EventDate "2021.11.27"]
[EventType "team-tourn"]
[EventCountry "ENG"]
[SourceTitle "playchess.com"]
[Source "ChessBase"]
[SourceQuality "1"]
[TimeControl "40/6000+30:3000+30"]

1. Nf3 c5 2. c4 Nc6 3. Nc3 g6 4. g3 Bg7 5. Bg2 e6 6. h4 h6 7. O-O Nge7 8. d3 d5 9. e4 dxc4 10. dxc4 Qxd1 11. Rxd1 Bxc3 12. bxc3 e5 13. a4 Be6 14. a5 Bxc4 15. Be3 f6 16. Bxc5 Rh7 17. Rd6 Rf7 18. Nd2 Ba6 19. Bh3 Nc8 20. Re6+ N8e7 21. h5 g5 22. Nf1 Be2 23. Ne3 Bxh5 24. Nd5 g4 25. Bf1 Kd7 26. Bc4 Nxd5 27. Bxd5 Kc7 28. a6 1-0

[Event "4NCL 2021-22"]
[Site "England"]
[Date "2022.03.27"]
[Round "6.30"]
[White "Camacho Collados, Jose"]
[Black "Holland, James P"]
[Result "0-1"]
[ECO "A36"]
[WhiteElo "2400"]
[BlackElo "2224"]
[Annotator "NA"]
[PlyCount "132"]
[EventDate "2021.11.27"]
[EventType "team-tourn"]
[EventCountry "ENG"]
[SourceTitle "playchess.com"]
[Source "ChessBase"]
[SourceQuality "1"]
[TimeControl "40/6000+30:3000+30"]

1. Nf3 c5 2. g3 Nc6 3. Bg2 g6 4. c4 Bg7 5. Nc3 d6 6. O-O e6 7. e3 Nge7 8. d4 O-O 9. b3 cxd4 10. Nxd4 Nxd4 11. exd4 Nf5 12. Ne2 Rb8 13. a4 a6 14. Ra2 b5 15. cxb5 axb5 16. a5 b4 $1 17. d5 e5 $1 ({Much weaker is} 17... Ba6 18. dxe6 fxe6 19. Nf4 $11) 18. Bd2 Ba6 19. Re1 Qc7 20. Qc1 Qa7 21. g4 Nh4 22. Bh1 $17 Rbc8 23. Qd1 f5 24. Bxb4 fxg4 25. Ng3 Qd7 26. Re4 Nf3+ 27. Bxf3 gxf3 28. Kh1 Qh3 29. Qg1 Rf4 30. Ra1 Bd3 31. Re3 Rxb4 32. Rxd3 e4 33. Rdd1 Bxa1 34. Rxa1 Ra8 35. Nf1 Rxb3 36. Qg5 Qg2+ 37. Qxg2 fxg2+ 38. Kxg2 Rb5 39. Ne3 Rbxa5 40. Rb1 Rf8 41. Rb2 Rf4 42. h3 h5 43. Kg3 g5 44. Rd2 Ra3 45. Kg2 Rc3 46. Ra2 Kf7 47. Ra7+ Kf6 48. Rd7 Ke5 49. Rg7 Rxe3 50. fxe3 Rf5 51. Ra7 Kxd5 52. Ra5+ Ke6 53. Ra8 Rf3 54. Re8+ Kd5 55. Rg8 g4 56. h4 Rxe3 57. Rg5+ Kd4 58. Rxh5 Rh3 59. Rh8 d5 60. Ra8 Rxh4 61. Kg3 Rh7 62. Kxg4 Rf7 63. Ra4+ Ke5 64. Kg3 e3 65. Ra8 d4 66. Ra5+ Ke4 0-1

[Event "4NCL 2021-22"]
[Site "England"]
[Date "2022.03.27"]
[Round "6.31"]
[White "Dong, Bao Nghia"]
[Black "Chow, Samuel"]
[Result "1/2-1/2"]
[ECO "A23"]
[WhiteElo "2332"]
[BlackElo "2400"]
[Annotator "NA"]
[PlyCount "104"]
[EventDate "2021.11.27"]
[EventType "team-tourn"]
[EventCountry "ENG"]
[SourceTitle "playchess.com"]
[Source "ChessBase"]
[SourceQuality "1"]
[TimeControl "40/6000+30:3000+30"]

1. c4 Nf6 2. g3 e5 3. Bg2 c6 4. Nc3 d5 5. d4 e4 6. h4 Bb4 7. Nh3 h6 8. Qb3 Bxc3+ 9. bxc3 O-O 10. Nf4 Re8 11. O-O b6 12. a4 Ba6 13. cxd5 cxd5 14. f3 Nc6 15. fxe4 Bc4 16. Qc2 Nxe4 17. Rf3 (17. Nh5 $142) 17... Nf6 18. Nd3 Qe7 19. Bf1 Ba6 20. Ba3 $17 Bxd3 21. Qxd3 Qe4 22. Qd1 Qg6 23. Bh3 Ng4 24. Qd3 Qxd3 25. exd3 h5 26. Raf1 f6 27. Bc1 Re2 28. Rf4 Rae8 29. Bg2 Ne7 30. c4 Ne3 31. Bxe3 Rxe3 32. cxd5 Rd8 33. Be4 Rxg3+ 34. Kh2 Rg4 35. Rxg4 hxg4 36. Rf4 Nxd5 37. Rxg4 Ne3 38. Rf4 Nc2 39. d5 Kf7 40. h5 a5 41. Bg6+ Kf8 42. Re4 Nb4 43. d6 Nxd3 44. Re7 Ne5 45. Re6 Nf7 46. d7 Rxd7 47. Rxb6 Ne5 48. Ra6 Nxg6 49. hxg6 Rd5 50. Ra8+ Ke7 51. Ra7+ Ke6 52. Rxg7 Rg5 1/2-1/2

[Event "4NCL 2021-22"]
[Site "England"]
[Date "2022.03.27"]
[Round "6.32"]
[White "Ashton, Adam G"]
[Black "Murphy, Hugh W"]
[Result "1-0"]
[ECO "A10"]
[WhiteElo "2379"]
[BlackElo "2107"]
[Annotator "ChessBase"]
[PlyCount "43"]
[EventDate "2021.11.27"]
[EventType "team-tourn"]
[EventCountry "ENG"]
[SourceTitle "playchess.com"]
[Source "ChessBase"]
[SourceQuality "1"]
[TimeControl "40/6000+30:3000+30"]

1. c4 f5 2. g3 Nf6 3. Bg2 e6 4. d3 Be7 5. e4 fxe4 6. dxe4 e5 7. f4 Nc6 8. Nf3 exf4 9. e5 Ng4 10. Bxf4 Bb4+ 11. Nc3 Qe7 12. O-O Bxc3 13. bxc3 Qc5+ 14. Nd4 Ngxe5 15. Bxc6 Nxc6 16. Re1+ Kf7 17. Qf3 Nxd4 18. cxd4 Qxd4+ 19. Kh1 Qf6 20. Qh5+ Qg6 21. Qd5+ Kf8 22. Bxc7 1-0

[Event "4NCL 2021-22"]
[Site "England"]
[Date "2022.03.27"]
[Round "6.33"]
[White "Jones, Steven A"]
[Black "Barry, Colm"]
[Result "1-0"]
[ECO "C41"]
[WhiteElo "2215"]
[BlackElo "2241"]
[Annotator "ChessBase"]
[PlyCount "69"]
[EventDate "2021.11.27"]
[EventType "team-tourn"]
[EventCountry "ENG"]
[SourceTitle "playchess.com"]
[Source "ChessBase"]
[SourceQuality "1"]
[TimeControl "40/6000+30:3000+30"]

1. e4 d6 2. d4 Nf6 3. Nc3 Nbd7 4. Nf3 e5 5. Bc4 Be7 6. a4 O-O 7. O-O exd4 8. Qxd4 Nc5 9. h3 c6 10. Rd1 Be6 11. Bf4 Bxc4 12. Qxc4 Ne6 13. Bxd6 Bxd6 14. e5 Ne8 15. Ne4 Qa5 16. exd6 Rd8 17. b4 Qf5 18. d7 Nf6 19. Nd6 Qf4 20. Qxf4 Nxf4 21. Ne5 Ng6 22. Nxg6 hxg6 23. Nxb7 Rxd7 24. Rxd7 Nxd7 25. Rd1 Nb6 26. Nd8 c5 27. bxc5 Nxa4 28. c6 Nb6 29. c7 Re8 30. Rb1 Re7 31. Rxb6 Rxc7 32. Rb8 Rxc2 33. Ne6+ Kh7 34. Ng5+ Kh6 35. f4 1-0

[Event "4NCL 2021-22"]
[Site "England"]
[Date "2022.03.27"]
[Round "6.34"]
[White "Sucikova, Svetlana"]
[Black "Cooper, John G"]
[Result "1/2-1/2"]
[ECO "D94"]
[WhiteElo "2200"]
[BlackElo "2234"]
[Annotator "ChessBase"]
[PlyCount "36"]
[EventDate "2021.11.27"]
[EventType "team-tourn"]
[EventCountry "ENG"]
[SourceTitle "playchess.com"]
[Source "ChessBase"]
[SourceQuality "1"]
[TimeControl "40/6000+30:3000+30"]

1. e3 g6 2. c4 Bg7 3. Nc3 Nf6 4. Nf3 O-O 5. d4 d5 6. b3 c5 7. Bb2 cxd4 8. Nxd4 Nc6 9. Nxc6 bxc6 10. Be2 Ne4 11. Qc2 Qa5 12. Rc1 Rb8 13. cxd5 cxd5 14. O-O Nxc3 15. Bxc3 Bxc3 16. Qxc3 Qxa2 17. Bd1 Qa3 18. Ra1 Qd6 1/2-1/2

[Event "4NCL 2021-22"]
[Site "England"]
[Date "2022.03.27"]
[Round "6.35"]
[White "Blackburn, Jonathan L B"]
[Black "Wall, Tim P"]
[Result "1/2-1/2"]
[ECO "A57"]
[WhiteElo "2227"]
[BlackElo "2281"]
[Annotator "NA"]
[PlyCount "98"]
[EventDate "2021.11.27"]
[EventType "team-tourn"]
[EventCountry "ENG"]
[SourceTitle "playchess.com"]
[Source "ChessBase"]
[SourceQuality "1"]
[TimeControl "40/6000+30:3000+30"]

1. d4 Nf6 2. c4 c5 3. d5 b5 4. cxb5 a6 5. e3 g6 6. Nc3 Bg7 7. Nf3 O-O 8. Bc4 d6 9. O-O Nbd7 10. bxa6 Nb6 11. Bb5 Bxa6 12. Bxa6 Rxa6 13. e4 Qa8 14. Re1 Na4 15. Qc2 Rb8 16. Nxa4 Rxa4 17. a3 Ng4 18. Rb1 c4 19. h3 Ne5 20. Nxe5 Bxe5 21. b3 cxb3 22. Rxb3 Rc8 23. Qb1 $11 Rac4 24. Bb2 Bxb2 25. Qxb2 Rc2 26. Qd4 R2c4 27. Qe3 Ra4 28. h4 h5 29. Reb1 Qa7 30. Qxa7 Rxa7 31. Rb7 Rca8 32. f3 f5 33. a4 fxe4 34. fxe4 Rxb7 35. Rxb7 Kf7 36. Rb4 Rc8 37. Kf2 Rc3 38. Ke2 Kf6 39. Kd2 Rg3 40. Kc2 g5 41. hxg5+ Rxg5 42. a5 Rxg2+ 43. Kb3 Rg8 44. Kc4 h4 45. Kd4 Rg1 46. Ra4 h3 47. Ra2 Rg2 48. Ra1 h2 49. Rh1 Ra2 1/2-1/2

[Event "4NCL 2021-22"]
[Site "England"]
[Date "2022.03.27"]
[Round "6.36"]
[White "Townsend, M Paul"]
[Black "Zeidler, Sven P."]
[Result "1-0"]
[ECO "A26"]
[WhiteElo "2284"]
[BlackElo "2172"]
[Annotator "NA"]
[PlyCount "123"]
[EventDate "2021.11.27"]
[EventType "team-tourn"]
[EventCountry "ENG"]
[SourceTitle "playchess.com"]
[Source "ChessBase"]
[SourceQuality "1"]
[TimeControl "40/6000+30:3000+30"]

1. c4 f5 2. g3 Nf6 3. Bg2 g6 4. Nc3 Bg7 5. d3 d6 6. e4 Nc6 7. Nge2 O-O 8. O-O e5 9. f3 Be6 10. Nd5 Ne7 11. Bg5 c6 12. Nxf6+ Bxf6 13. Bxf6 Rxf6 14. Qd2 Qb6+ 15. Kh1 Raf8 16. Rac1 d5 17. exd5 cxd5 18. d4 dxc4 19. dxe5 R6f7 20. Nf4 Rd8 21. Qf2 Qa6 22. Rfd1 Rff8 23. Qc5 Kf7 24. Rd6 Rxd6 25. exd6 Nc6 26. Bf1 Qb6 27. Nxe6 Kxe6 28. Bxc4+ Kd7 29. Qd5 Qxb2 30. Rd1 Qe5 31. Qd3 Rf6 32. Qb3 Rxd6 33. Qxb7+ Kd8 34. Qa8+ Ke7 35. Rb1 Qc3 36. Qb7+ Kd8 37. Qa8+ Ke7 38. Qb7+ Kd8 39. Be2 Qc2 40. Rb2 Qc1+ 41. Kg2 Rd7 42. Qb3 Qh6 43. Qc3 Qg7 44. Qc1 Rc7 45. Rd2+ Nd4 46. Qb2 Rd7 47. Bb5 Rd6 48. Ba4 Ke7 49. Qb8 Qe5 50. Qxa7+ Kf8 51. Bb3 Qf6 52. Qxh7 f4 53. Qh6+ Ke7 54. Qxf4 Qxf4 55. gxf4 Kf6 56. Kf2 Rd8 57. a4 Ke7 58. Bc4 Rd6 59. a5 Kd7 60. a6 Kc6 61. Ra2 Rd8 62. Bd3 1-0

[Event "4NCL 2021-22"]
[Site "England"]
[Date "2022.03.27"]
[Round "6.37"]
[White "Kett, Tim"]
[Black "Weller, Jean-Luc"]
[Result "0-1"]
[ECO "C02"]
[WhiteElo "2136"]
[BlackElo "2230"]
[Annotator "NA"]
[PlyCount "68"]
[EventDate "2021.11.27"]
[EventType "team-tourn"]
[EventCountry "ENG"]
[SourceTitle "playchess.com"]
[Source "ChessBase"]
[SourceQuality "1"]
[TimeControl "40/6000+30:3000+30"]

1. e4 e6 2. d4 d5 3. e5 c5 4. c3 Nc6 5. Nf3 Qb6 6. Bd3 cxd4 7. O-O Bd7 8. h4 g6 9. Re1 Bg7 10. a3 Nge7 11. b4 dxc3 12. Nxc3 Nd4 13. Be3 Nxf3+ 14. Qxf3 d4 15. Ne4 dxe3 16. Nd6+ Kd8 17. Nxb7+ Kc7 18. Rec1+ Kb8 19. Nc5 Bc8 20. Be4 exf2+ 21. Qxf2 Nd5 22. Qxf7 Bxe5 23. Bxd5 exd5 24. Ra2 Qf6 25. Qxf6 Bxf6 26. Rd1 Rd8 27. g3 a6 28. Rf2 Be5 29. Rf7 Ra7 30. Rdf1 Bf5 31. Rxa7 Kxa7 32. g4 Bd4+ 33. Kh2 Bxc5 34. gxf5 Bd6+ 0-1

[Event "4NCL 2021-22"]
[Site "England"]
[Date "2022.03.27"]
[Round "6.38"]
[White "Gayson, Peter M"]
[Black "Redmond, John P."]
[Result "1-0"]
[ECO "C07"]
[WhiteElo "2127"]
[BlackElo "2210"]
[Annotator "NA"]
[PlyCount "67"]
[EventDate "2021.11.27"]
[EventType "team-tourn"]
[EventCountry "ENG"]
[SourceTitle "playchess.com"]
[Source "ChessBase"]
[SourceQuality "1"]
[TimeControl "40/6000+30:3000+30"]

1. e4 e6 2. d4 d5 3. Nd2 c5 4. Ngf3 cxd4 5. exd5 Qxd5 6. Bc4 Qd6 7. O-O Nf6 8. Nb3 Nc6 9. Nbxd4 Nxd4 10. Nxd4 Be7 11. Be3 O-O 12. Qf3 Qc7 13. Bb3 Bd7 14. Rad1 Bd6 15. Qh3 Bf4 16. Bxf4 Qxf4 17. Qf3 Qc7 18. h3 Rfd8 19. Rfe1 Rac8 $11 20. c3 a5 21. a4 Qb6 22. Qe2 Kh8 23. Rd2 Be8 24. Qd1 Rd6 25. Ree2 Rcd8 26. Bc4 Nd5 27. Nf5 exf5 28. Rxd5 Rxd5 29. Qxd5 g6 30. Qe5+ Kg8 31. b3 Bc6 32. Qe7 Rf8 33. Qf6 Qd8 34. Bxf7+ 1-0

[Event "4NCL 2021-22"]
[Site "England"]
[Date "2022.03.27"]
[Round "6.39"]
[White "Khoury, Theo"]
[Black "Clarke, Connor"]
[Result "1/2-1/2"]
[ECO "B04"]
[WhiteElo "2011"]
[BlackElo "1830"]
[Annotator "NA"]
[PlyCount "127"]
[EventDate "2021.11.27"]
[EventType "team-tourn"]
[EventCountry "ENG"]
[SourceTitle "playchess.com"]
[Source "ChessBase"]
[SourceQuality "1"]
[TimeControl "40/6000+30:3000+30"]

1. e4 Nf6 2. e5 Nd5 3. d4 d6 4. Nf3 dxe5 5. Nxe5 g6 6. Bc4 Be6 7. O-O Nd7 8. Nd2 Nxe5 9. dxe5 Bg7 10. Re1 c6 11. Nb3 Nf4 12. Bxf4 Bxc4 13. Qxd8+ Rxd8 14. Na5 Ba6 15. Rad1 O-O 16. c4 Rc8 17. Rd7 Rfd8 18. Red1 Rxd7 19. Rxd7 h6 20. h3 Kf8 21. Nxb7 Bxc4 22. b3 Be6 23. Rd4 Ke8 24. Ra4 Ra8 25. Nc5 Bc8 26. Kf1 e6 27. Ne4 Bf8 28. Nf6+ Kd8 29. Be3 Kc7 30. Ke2 a5 31. Rd4 a4 32. b4 Ba6+ 33. Kf3 Rd8 34. a3 Rxd4 35. Bxd4 c5 36. Bxc5 Bxc5 37. bxc5 Kc6 38. Ne4 Bd3 39. Ke3 Bf1 40. g3 Kd5 41. Nc3+ Kxc5 42. Nxa4+ Kd5 43. f4 Bxh3 44. Nb6+ Kc6 45. Nc4 Kd5 46. Na5 g5 47. Nb7 Bf5 48. a4 Bg6 49. a5 Kc6 50. Nd6 g4 51. f5 exf5 52. Kf4 f6 53. Nxf5 fxe5+ 54. Kxe5 Kb5 55. Nxh6 Kxa5 56. Kf6 Bc2 57. Nxg4 Bd1 58. Ne3 Be2 59. Kf5 Kb5 60. Kf4 Kc5 61. Nf5 Kd5 62. Nh4 Ke6 63. Nf3 Bxf3 64. Kxf3 1/2-1/2

[Event "4NCL 2021-22"]
[Site "England"]
[Date "2022.03.27"]
[Round "6.40"]
[White "Shaw, Peter"]
[Black "Bennett, Patrick"]
[Result "1/2-1/2"]
[ECO "E92"]
[WhiteElo "2094"]
[BlackElo "1963"]
[Annotator "NA"]
[PlyCount "140"]
[EventDate "2021.11.27"]
[EventType "team-tourn"]
[EventCountry "ENG"]
[SourceTitle "playchess.com"]
[Source "ChessBase"]
[SourceQuality "1"]
[TimeControl "40/6000+30:3000+30"]

1. d4 Nf6 2. c4 g6 3. Nc3 Bg7 4. e4 d6 5. Nf3 O-O 6. Be2 e5 7. Be3 Ng4 8. Bg5 f6 9. Bh4 Nc6 10. d5 Ne7 11. Nd2 Nh6 12. f3 f5 13. b4 a5 14. a3 axb4 15. axb4 Rxa1 16. Qxa1 Bf6 17. Bxf6 Rxf6 18. Qa8 Rf8 19. c5 c6 20. O-O Nf7 21. Nc4 dxc5 22. bxc5 cxd5 23. exd5 Nxd5 24. Rd1 Nc7 25. Qa5 Qe7 26. Nd6 Be6 27. Nxb7 Ra8 28. Qb6 Ra3 29. Nb5 Nd5 30. Rxd5 Bxd5 31. Nxa3 Qxb7 32. Nc4 Qa8 33. Na5 Qd8 34. h3 Kf8 35. Bb5 e4 36. fxe4 Bxe4 37. Qxd8+ Nxd8 38. g3 Ke7 39. Kf2 Ne6 40. c6 Kd6 41. Bc4 Bd5 42. Bxd5 Kxd5 43. Ke3 Kd6 44. Nc4+ Kxc6 45. Ne5+ Kd5 46. Nd3 g5 47. Nb4+ Ke5 48. Nd3+ Kf6 49. Kf3 h5 50. Ke3 Nc7 51. Nb4 Ke6 52. Nd3 Nd5+ 53. Kf3 g4+ 54. hxg4 hxg4+ 55. Kg2 Nf6 56. Nf4+ Ke5 57. Ng6+ Ke4 58. Kf2 Nd5 59. Ke2 Nb4 60. Nh4 Nc2 61. Ng2 Nd4+ 62. Kf2 Ne6 63. Nh4 Ng5 64. Kg2 Nf7 65. Kf2 Nd6 66. Ke2 Kd4 67. Kf2 Kd3 68. Kg1 Ke3 69. Kg2 Ke2 70. Kg1 Ke3 1/2-1/2

[Event "4NCL 2021-22"]
[Site "England"]
[Date "2022.03.27"]
[Round "6.41"]
[White "Gormally, Daniel W"]
[Black "Olson, Hamish"]
[Result "1/2-1/2"]
[ECO "E11"]
[WhiteElo "2483"]
[BlackElo "2296"]
[Annotator "ChessBase"]
[PlyCount "97"]
[EventDate "2021.11.27"]
[EventType "team-tourn"]
[EventCountry "ENG"]
[SourceTitle "playchess.com"]
[Source "ChessBase"]
[SourceQuality "1"]
[TimeControl "40/6000+30:3000+30"]

1. d4 d5 2. c4 e6 3. Nf3 Nf6 4. g3 Bb4+ 5. Bd2 Be7 6. Bg2 O-O 7. O-O Nbd7 8. Qc2 c6 9. Bf4 b6 10. Nbd2 Nh5 11. Rfc1 Bb7 12. cxd5 Nxf4 13. gxf4 cxd5 14. Qc7 Rb8 15. e3 Nf6 16. Qc2 g6 17. Ne5 Ra8 18. Qc7 Rb8 19. Qxd8 Rfxd8 20. Ndf3 h6 21. Rc7 Kf8 22. Bf1 Ne8 23. Rc3 Rbc8 24. Rac1 Rxc3 25. Rxc3 Rc8 26. Rxc8 Bxc8 27. Nc6 a5 28. Nfe5 Nd6 29. Na7 Bd8 30. Nxc8 Nxc8 31. a4 Nd6 32. Bd3 Bc7 33. Kf1 Kg7 34. Ke2 g5 35. fxg5 hxg5 36. h3 f6 37. Nc6 f5 38. Na7 Bb8 39. Nb5 Nxb5 40. Bxb5 Kf6 41. f3 Bd6 42. Bc6 Bc7 43. Kd3 Bg3 44. e4 fxe4+ 45. fxe4 dxe4+ 46. Kxe4 Bf2 47. d5 exd5+ 48. Bxd5 Bg1 49. b3 1/2-1/2

[Event "4NCL 2021-22"]
[Site "England"]
[Date "2022.03.27"]
[Round "6.42"]
[White "Berry, Neil"]
[Black "Ansell, Simon T"]
[Result "0-1"]
[ECO "D10"]
[WhiteElo "2267"]
[BlackElo "2432"]
[Annotator "NA"]
[PlyCount "98"]
[EventDate "2021.11.27"]
[EventType "team-tourn"]
[EventCountry "ENG"]
[SourceTitle "playchess.com"]
[Source "ChessBase"]
[SourceQuality "1"]
[TimeControl "40/6000+30:3000+30"]

1. d4 d5 2. c4 c6 3. Nc3 dxc4 4. e3 b5 5. a4 b4 6. Ne4 Qd5 7. Nd2 Ba6 8. Qc2 c3 9. bxc3 bxc3 10. Qxc3 Bxf1 11. Kxf1 Nf6 12. Ne2 e6 13. Nf4 Qd8 14. Nd3 Be7 15. Ba3 O-O 16. Bxe7 Qxe7 {[%emt 0:01:34] [#]} 17. Qc5 (17. g3 $1 $16) 17... Qb7 18. Qc4 Nbd7 19. Ke2 c5 20. dxc5 Qxg2 21. Rhg1 (21. Nf3 $14 {might be stronger.}) 21... Qh3 22. Rg5 $11 ({White should try} 22. c6 $14 Nb6 23. Qd4) 22... Rac8 23. Nf3 h6 24. Nf4 Qxf3+ 25. Kxf3 hxg5 26. Nd3 Rxc5 27. Qb3 Rd5 28. Kg2 Rb8 29. Qc2 g4 30. Rb1 Rxb1 31. Qxb1 a5 32. Qb3 Ne4 33. Qc4 Ndf6 34. Qc8+ Kh7 35. Qc2 g6 36. Kf1 Kg7 37. Ke2 Rh5 38. Qc7 Nd5 39. Qb8 Ndc3+ 40. Kf1 Rf5 41. Qb2 Kh7 42. Qc2 Nd5 43. Kg1 Ng5 44. Kg2 Nf6 45. Qc7 Nfe4 46. Qb7 Rd5 47. Qa6 Nf3 48. Qb7 Nd6 49. Qb3 Rxd3 0-1

[Event "4NCL 2021-22"]
[Site "England"]
[Date "2022.03.27"]
[Round "6.44"]
[White "McKay, Roderick M"]
[Black "Bates, Richard A"]
[Result "1-0"]
[ECO "B67"]
[WhiteElo "2208"]
[BlackElo "2444"]
[Annotator "NA"]
[PlyCount "61"]
[EventDate "2021.11.27"]
[EventType "team-tourn"]
[EventCountry "ENG"]
[SourceTitle "playchess.com"]
[Source "ChessBase"]
[SourceQuality "1"]
[TimeControl "40/6000+30:3000+30"]

1. e4 c5 2. Nf3 d6 3. d4 cxd4 4. Nxd4 Nf6 5. Nc3 a6 6. Bg5 Nc6 7. Qd2 e6 8. O-O-O Bd7 9. f3 b5 10. Nxc6 Bxc6 11. Qe1 Be7 12. h4 Qc7 13. Bxf6 Bxf6 (13... gxf6 $11 14. a3 O-O-O) 14. Nd5 Bxd5 15. exd5 e5 16. g4 O-O 17. g5 (17. Bd3 $14) 17... Bd8 18. Bd3 g6 19. Kb1 Qc5 (19... f5 $14) 20. h5 Ra7 (20... Qxd5 $2 21. Be4 Qe6 22. hxg6 fxg6 23. Bd5 Qxd5 24. Rxd5 $18) 21. Qh4 $16 Qe3 22. hxg6 fxg6 23. Bxg6 hxg6 24. Rde1 Qc5 25. f4 Ba5 26. Ref1 e4 27. f5 Qd4 28. f6 Kf7 29. Qg4 Kg8 30. Qe6+ Raf7 31. Rh6 1-0